 Dungeon Crawl Stone Soup version 0.31.0-11-ge490571c62 (webtiles) character file.

Game seed: 1052442355778485649

15078 Curundu the Protected (level 11, -24/94 HPs)
             Began as a Minotaur Berserker on Feb 7, 2024.
             Was a High Priest of Trog.
             Killed from afar by a gargoyle (30 damage)
             ... with a stone arrow
             ... on level 12 of the Dungeon.
             The game lasted 00:35:52 (10318 turns).

Curundu the Protected (Minotaur Berserker)         Turns: 10318, Time: 00:35:53

Health: -24/94     AC: 20    Str: 31    XL:     11   Next: 97%
Magic:  10/10      EV: 11    Int:  4    God:    Trog [*****.]
Gold:   547        SH:  0    Dex: 11    Spells: 10/10 levels left

rFire   . . .        r - +4 quarterstaff (chaos)
rCold   . . .        (shield currently unavailable)
rNeg    . . .        C - +0 plate armour
rPois   .            (helmet restricted)
rElec   .            s - +2 cloak
rCorr   .            (no gloves)
SInv    .            w - +0 pair of boots
Will    ++...        y - amulet of regeneration Stlth
                     u - +6 ring of strength
HPRegen 2.15/turn    (no ring)
MPRegen 0.12/turn

%: no passive effects
@: strong-willed (expiring), on berserk cooldown, regenerating (expiring),
slowed, studying Dodging, very slow
A: horns 2, retaliatory headbutt
a: Renounce Religion, Berserk, Trog's Hand, Brothers in Arms


You were on level 12 of the Dungeon.
You worshipped Trog.
Trog was extremely pleased with you.
You visited 2 branches of the dungeon, and saw 13 of its levels.

You collected 547 gold pieces.

Inventory:

Hand Weapons
 a - a +1 hand axe
 l - a +0 broad axe
 r - a +4 quarterstaff of chaos (weapon)
Missiles
 m - 8 boomerangs (quivered)
Armour
 d - a +0 chain mail
 s - a +2 cloak (worn)
 w - a +0 pair of boots (worn)
 C - a +0 plate armour (worn)
Jewellery
 u - a +6 ring of strength (left hand)
 y - an amulet of regeneration (around neck)
 E - a ring of fire
Wands
 f - a wand of charming (5)
 h - a wand of flame (11)
 j - a wand of polymorph (20)
 p - a wand of digging (11)
Scrolls
 e - 5 scrolls of poison
 k - a scroll of noise {unknown}
 q - 10 scrolls of identify
 t - 2 scrolls of brand weapon {unknown}
 x - a scroll of amnesia {unknown}
 A - a scroll of fear
 B - 4 scrolls of revelation {unknown}
Potions
 b - 2 potions of enlightenment {unknown}
 c - a potion of ambrosia
 g - 2 potions of brilliance
 i - a potion of degeneration {unknown}
 n - 4 potions of cancellation {unknown}
 o - 3 potions of might {unknown}
 v - 2 potions of haste {unknown}
 z - a potion of resistance {unknown}
 D - a potion of lignification {unknown}
 F - a potion of attraction {unknown}


   Skills:
 + Level 7.9 Fighting
 + Level 6.5 Axes
 + Level 10.7 Staves
 * Level 12.6 Armour
 * Level 10.1 Dodging
 - Level 0.3 Stealth
 * Level 8.3 Shields
 * Level 6.1 Evocations


You had 10 spell levels left.
You didn't know any spells.
Your spell library was empty.

Dungeon Overview and Level Annotations

Branches:
Dungeon (12/15)            Temple (1/1) D:6            Lair (0/5) D:8
    Orc (0/2) D:11

Altars:
Ashenzari
Cheibriados
Dithmenos
Elyvilon
Fedhas
Gozag
Hepliaklqana
Kikubaaqudgha
Makhleb
Nemelex Xobeh
Okawaru
Qazlal
Ru
Sif Muna
Trog
Uskayaw
Vehumet
Wu Jian
Xom
Yredelemnul
Zin
The Shining One

Shops:
D:1 =   D:3 (   D:6 *   D:11 ?

Portals:
Trove: D:11 (give 19 potions of curing)

Annotations:
Temple 4 transporters


Innate Abilities, Weirdness & Mutations

You have a pair of horns on your head.
You reflexively headbutt those who attack you in melee.


Message History

You sock the wraith!
The wraith convulses!
You destroy the wraith!
Trog accepts your kill.
You feel a strong urge to attack something.
A gargoyle comes into view. It is wielding a +0 flail.
You are no longer berserk.
You are exhausted.
You feel as though you will be slow longer.
The gargoyle hurls a stone arrow at you.
The stone arrow hits you!
A vampire mosquito comes into view.
The vampire mosquito buzzes angrily.
The gargoyle misses you.
You see here a basilisk corpse.
You feel the effects of Trog's Hand fading.
The gargoyle barely misses you. You furiously retaliate!
You headbutt the gargoyle!
The vampire mosquito bites you but does no damage.
You sock the gargoyle! You freeze the gargoyle.
Your headbutt misses the gargoyle.
The gargoyle is almost destroyed.
The vampire mosquito barely misses you.
The gargoyle hurls a stone arrow at you.
The stone arrow hits you!
The vampire mosquito bites you but does no damage.
The gargoyle hurls a stone arrow at you.
The stone arrow hits you!
* * * LOW HITPOINT WARNING * * *
You closely miss the gargoyle.
The gargoyle is almost destroyed.
The vampire mosquito bites you but does no damage. x2
The gargoyle hurls a stone arrow at you.
The stone arrow hits you!!
* * * LOW HITPOINT WARNING * * *
The vampire mosquito bites you but does no damage.
The vampire mosquito barely misses you. You furiously retaliate!
You headbutt the vampire mosquito!
The gargoyle hurls a stone arrow at you.
The stone arrow hits you!!
You die...

.# #.#.# #..#
..##...#####.##
#
........(.....#
#.
..#..#.##.#.# .
#...#.#..#.#
###.
#.#.#...##.#
....+##.....>.#
.# #...#...####
.# #.@†.).## .#
#.9y†(.# .#
#.#...##
#...#.#
..+##..# #.
#.## .. #.. #.#
.#.#


You could see a vampire mosquito and a gargoyle.

Vanquished Creatures
  A hydra (D:12)
  A two-headed ogre (D:8)
  5 death yaks (D:8)
  2 deep elf pyromancers (D:12)
  A cyclops (D:12)
  An unseen horror (D:11)
  A kobold demonologist (D:11)
  3 trolls
  A shadow (D:11)
  2 wyverns
  3 wraiths
  2 basilisks (D:12)
  10 yaks
  A human (D:5)
  A steam dragon (D:9)
  8 vampire mosquitoes (D:12)
  Edmund (D:4)
  A water moccasin (D:6)
  An ice beast (D:5)
  2 laughing skulls (D:11)
  A black bear (D:5)
  6 orc warriors
  6 centaurs
  Blork the orc (D:4)
  2 bullfrogs
  A gnoll sergeant (D:9)
  3 scorpions
  9 wights
  21 killer bees
  A bombardier beetle (D:5)
  3 lava snakes (D:8)
  3 jellies
  3 hounds (D:5)
  5 orc priests
  Crazy Yiuf (D:4)
  3 sleepcaps
  4 iguanas
  11 orc wizards
  15 gnolls
  8 adders
  2 shadow imps (D:5)
  3 white imps
  2 ufetubi (D:7)
  2 ribbon worms (D:3)
  3 dart slugs
  69 orcs
  3 endoplasms
  6 giant cockroaches
  3 goblins
  A hobgoblin (D:1)
  6 jackals
  4 kobolds
  2 quokkas
  3 ball pythons
  2 bats
  2 frilled lizards
  4 rats
272 creatures vanquished.

Vanquished Creatures (others)
  An orc zombie (D:8)
1 creature vanquished.

Grand Total: 273 creatures vanquished

Notes
Turn   | Place    | Note
-------+----------+-------------------------------------------
     0 | D:1      | Curundu the Minotaur Berserker began the quest for the Orb.
     0 | D:1      | Reached XP level 1. HP: 19/19 MP: 0/0
     2 | D:1      | Noticed a human
     2 | D:1      | Noticed an oni
     4 | D:1      | Noticed a demonspawn
     4 | D:1      | Noticed a vampire
     6 | D:1      | Noticed a barachi
     6 | D:1      | Noticed a naga
     8 | D:1      | Noticed a minotaur
     8 | D:1      | Noticed a draconian
    10 | D:1      | Noticed a demigod
    10 | D:1      | Noticed a gargoyle
    12 | D:1      | Noticed a merfolk
    12 | D:1      | Noticed an octopode
    14 | D:1      | Noticed a formicid
    14 | D:1      | Noticed a vine stalker
    16 | D:1      | Noticed a spriggan
    19 | D:1      | Noticed an armataur
    19 | D:1      | Noticed an elf
    21 | D:1      | Noticed a felid
    21 | D:1      | Noticed a ghoul
    23 | D:1      | Noticed a tengu
    23 | D:1      | Noticed a troll
    27 | D:1      | Noticed a djinni
    74 | D:1      | Found a faded altar of an unknown god.
   146 | D:1      | Found Cel Zoet's Jewellery Shoppe.
   572 | D:1      | Reached XP level 2. HP: 27/27 MP: 1/1
   932 | D:2      | Reached XP level 3. HP: 31/33 MP: 2/2
   971 | D:2      | Reached skill level 3 in Armour
  1015 | D:2      | Found a glowing golden altar of the Shining One.
  1166 | D:2      | Reached XP level 4. HP: 24/40 MP: 3/3
  1540 | D:2      | Reached ** piety under Trog
  1544 | D:2      | Reached skill level 1 in Shields
  1829 | D:3      | Noticed a bullfrog
  1833 | D:3      | Killed a bullfrog
  1834 | D:3      | Reached skill level 5 in Axes
  1834 | D:3      | Reached XP level 5. HP: 47/47 MP: 4/4
  2082 | D:3      | Found Vimeit's Antique Weapon Emporium.
  2302 | D:4      | Noticed Edmund
  2325 | D:4      | Killed Edmund
  2326 | D:4      | Reached skill level 4 in Armour
  2326 | D:4      | Reached skill level 1 in Evocations
  2326 | D:4      | Reached XP level 6. HP: 16/53 MP: 5/5
  2475 | D:4      | Noticed Blork the orc
  2488 | D:4      | Killed Blork the orc
  2620 | D:4      | Identified the +4 leather armour of Fedhas's Whim {-Cast
                  | Fly Str+3}
  2752 | D:4      | Reached skill level 5 in Armour
  2759 | D:4      | Reached XP level 7. HP: 52/60 MP: 6/6
  3195 | D:4      | Found a runed translucent door.
  3196 | D:4      | Noticed Crazy Yiuf
  3295 | D:4      | Killed Crazy Yiuf
  3399 | D:5      | Entered Level 5 of the Dungeon
  3424 | D:5      | Reached skill level 5 in Fighting
  3508 | D:5      | Reached skill level 6 in Armour
  3717 | D:5      | Reached skill level 1 in Staves
  3914 | D:5      | Reached XP level 8. HP: 68/68 MP: 7/7
  3919 | D:5      | Reached *** piety under Trog
  4519 | D:5      | Reached skill level 7 in Armour
  4849 | D:6      | Found a blossoming altar of Fedhas.
  4979 | D:6      | Found Wobiz's Assorted Antiques.
  5244 | D:6      | Reached skill level 5 in Dodging
  5257 | D:6      | Found a staircase to the Ecumenical Temple.
  5579 | Temple   | Found a transporter.
  5579 | Temple   | Found a transporter.
  5579 | Temple   | Found a transporter.
  5579 | Temple   | Found a transporter.
  5579 | Temple   | Entered the Ecumenical Temple
  6769 | D:8      | Noticed a two-headed ogre
  6775 | D:8      | Killed a two-headed ogre
  6776 | D:8      | Reached skill level 8 in Armour
  6776 | D:8      | Reached XP level 9. HP: 38/75 MP: 8/8
  6814 | D:8      | Reached skill level 5 in Shields
  6820 | D:8      | Reached skill level 5 in Staves
  6981 | D:8      | Noticed a death yak
  6993 | D:8      | Killed a death yak
  6994 | D:8      | Reached skill level 9 in Armour
  6994 | D:8      | Noticed a death yak
  6998 | D:8      | Noticed a death yak
  6999 | D:8      | Noticed a death yak
  7001 | D:8      | Noticed a death yak
  7006 | D:8      | Killed a death yak
  7013 | D:8      | Reached XP level 10. HP: 78/83 MP: 9/9
  7016 | D:8      | Killed a death yak
  7017 | D:8      | Reached skill level 10 in Armour
  7022 | D:8      | Killed a death yak
  7026 | D:8      | Killed a death yak
  7059 | D:8      | Found a staircase to the Lair.
  7304 | D:8      | Found a sparkling altar of Nemelex Xobeh.
  7304 | D:8      | Found a white marble altar of Elyvilon.
  7778 | D:9      | Reached skill level 11 in Armour
  7839 | D:9      | Reached skill level 5 in Evocations
  8277 | D:9      | Reached **** piety under Trog
  8369 | D:9      | Reached XP level 11. HP: 92/92 MP: 10/10
  8465 | D:10     | Entered Level 10 of the Dungeon
  8536 | D:10     | Found a shadowy altar of Dithmenos.
  8815 | D:10     | Found a broken altar of Ashenzari.
  9288 | D:11     | Found a staircase to the Orcish Mines.
  9398 | D:11     | Found Zaomi's Magic Scroll Emporium.
  9505 | D:11     | Reached skill level 12 in Armour
  9822 | D:11     | Found a burning altar of Makhleb.
  9919 | D:11     | Found a portal to a secret trove of treasure.
 10026 | D:12     | Noticed a deep elf pyromancer
 10034 | D:12     | Reached skill level 10 in Staves
 10054 | D:12     | Killed a deep elf pyromancer
 10251 | D:12     | Reached ***** piety under Trog
 10287 | D:12     | Noticed a deep elf pyromancer
 10292 | D:12     | Noticed a four-headed hydra
 10295 | D:12     | Killed a deep elf pyromancer
 10300 | D:12     | Killed a four-headed hydra
 10301 | D:12     | Reached skill level 10 in Dodging
 10317 | D:12     | HP: 3/94 [gargoyle/stone arrow (21)]
 10318 | D:12     | Killed from afar by a gargoyle

Illustrated notes

Levels and vault maps discovered:
D:1:      kb_arrival_jail, layout_loops_ring,
          chequers_ecumenical_altar_simple_redux, serial_shops,
          nicolae_shop_pleasant_corner_grove, minmay_pentomino_r2
D:2:      layout_rooms, basic_altar, minivault_19
D:3:      layout_basic, serial_shops, shop
D:4:      layout_loops_ring, serial_glass, glass_columns_c, glass_columns_b,
          due_unseen_surprise, uniq_blork_the_orc, uniq_crazy_yiuf_cottage,
          uniq_edmund
D:5:      layout_basic, serial_library, serial_library_hellmonk_semicircle,
          serial_library_hellmonk_open_square, serial_library_hellmonk_junction,
          serial_library_hellmonk_secret_room,
          serial_library_hellmonk_small_alcove,
          serial_library_hellmonk_narrow_alcove,
          serial_library_hellmonk_hallway_a, sigmund_army
D:6:      layout_loops_ring, mainiacjoe_overflow_brackets,
          minmay_temple_entry_offerings, serial_shops,
          nicolae_shop_overgrown_old_shop
D:7:      layout_basic
D:8:      layout_cave_pods, nicolae_overflow_two_pavilions, dpeg_lair_monsters
D:9:      layout_roguey, chequers_avenue
D:10:     layout_long_grid, overflow_temple_1_default,
          cheibrodos_ashenzari_chains
D:11:     layout_long_grid, david_orc_5, serial_shops,
          nicolae_shop_temple_entry_statues_fountains,
          nicolae_trove_entry_columns, bloody_makhleb
D:12:     layout_basic, minmay_fractal_squares_diagonal_5
Temple:   hellmonk_temple_divided_pantheon

Skill      XL: |  1  2  3  4  5  6  7  8  9 10 11 |
---------------+----------------------------------+-----
Axes           | 4 5 6 |  6.5
Fighting       | 4 5 6 7 |  7.9
Armour         | 3 4 5 6 8 9 11 12 | 12.6
Shields        | 1 2 3 4 5 7 8 |  8.3
Dodging        | 3 4 5 6 8 10 | 10.1
Evocations     | 1 2 3 4 5 6 |  6.1
Staves         | 1 4 6 8 10 | 10.7
Stealth        | |  0.3

Action                     |  1- 3 |  4- 6 |  7- 9 | 10-12 || total
---------------------------+-------+-------+-------+-------++-------
  Melee: Hand axe          |    73 |    68 |       |       ||   141
         Headbutt          |    12 |    13 |    45 |    60 ||   130
         Punch             |     2 |     1 |     1 |       ||     4
         Broad axe         |       |    18 |    37 |       ||    55
         Quarterstaff      |       |       |   160 |   379 ||   539
 Invoke: Trog's Hand       |       |     2 |     7 |    10 ||    19
         Berserk           |       |     1 |     1 |     3 ||     5
    Use: Scroll            |     2 |     6 |     2 |       ||    10
         Potion            |       |       |       |     1 ||     1
   Stab: Confused          |       |       |     1 |     1 ||     2
         Paralysed         |       |       |     1 |     2 ||     3
 Armour: Chain mail        |    44 |    67 |   202 |    75 ||   388
         Animal skin       |     4 |       |       |       ||     4
         Plate armour      |       |       |       |   274 ||   274
  Dodge: Dodged            |    31 |    43 |   114 |   258 ||   446
